 Dungeon Crawl Stone Soup version 0.27-a0-124-g19cb506db8 (webtiles) character file.

Game seed: 10303580010521506081

1339 jasper the Magician (level 8, -5/61 HPs)
             Began as a Mummy Earth Elementalist on Jan 25, 2021.
             Was a Believer of Makhleb.
             Slain by an orc warrior
             ... wielding a +0 glaive
              (18 damage)
             ... on level 7 of the Dungeon.
             The game lasted 00:09:34 (7035 turns).

jasper the Magician (Mummy Earth Elementalist)      Turns: 7035, Time: 00:09:35

Health: -5/61      AC:  6    Str: 11    XL:     8   Next: 35%
Magic:  9/17       EV: 14    Int: 17    God:    Makhleb [**....]
Gold:   235        SH:  0    Dex: 12    Spells: 8/19 levels left

rFire    x . .     SeeInvis .   f - +2 hand axe (vorpal)
rCold    + . .     Faith    .   (no shield)
rNeg     + + +     Spirit   .   c - +0 robe
rPois    ∞         Reflect  .   (no helmet)
rElec    .         Harm     .   r - +0 cloak
rCorr    +         Rampage  .   (no gloves)
Will     +....                  h - +2 pair of boots
Stlth    ++........             (no amulet)
HPRegen  0.20/turn              j - ring of resist corrosion
MPRegen  0.15/turn              (no ring)

@: no status effects
A: no potions, fire vulnerability, cold resistance 1, negative energy resistance
3, torment resistance, unbreathing
a: Renounce Religion, Minor Destruction


You were on level 7 of the Dungeon.
You worshipped Makhleb.
Makhleb was pleased with you.
You visited 1 branch of the dungeon, and saw 7 of its levels.

You collected 235 gold pieces.

Inventory:

Hand Weapons
 f - a +2 vorpal hand axe (weapon)
Missiles
 b - 93 stones
 o - 5 poisoned darts
 t - 3 curare-tipped darts
 u - 6 boomerangs
Armour
 c - a +0 robe (worn)
 h - a +2 pair of boots (worn)
 k - a scarf of shadows
 r - a +0 cloak (worn)
Jewellery
 j - a ring of resist corrosion (left hand)
Wands
 l - a wand of paralysis (3)
 x - a wand of flame (14)
Scrolls
 a - 6 scrolls of remove curse
 d - 3 scrolls of fog
 e - a scroll of amnesia
 g - a scroll of immolation
 i - 3 scrolls of blinking
 m - a scroll of fear
 n - 3 scrolls of enchant weapon
 p - 2 scrolls of teleportation
 q - a scroll of magic mapping {unknown}
 s - a scroll of silence {unknown}
 w - 5 scrolls of enchant armour {unknown}
 y - a scroll of identify


   Skills:
 + Level 4.4 Fighting
 + Level 4.2 Dodging
 - Level 1.5 Stealth
 + Level 6.1 Spellcasting
 - Level 1.0 Transmutations
 * Level 5.6 Earth Magic


You had 8 spell levels left.
You knew the following spells:

 Your Spells              Type           Power        Failure   Level
a - Sandblast             Erth           48%          1%          1
b - Passwall              Tmut/Erth      13%          4%          2
c - Stone Arrow           Conj/Erth      28%          12%         3
d - Lee's Rapid Deconstr  Erth           12%          34%         5

Your spell library contained the following spells:

 Spells                   Type           Power        Failure   Level
 Petrify                  Tmut/Erth      16%          32%         4


Dungeon Overview and Level Annotations

Branches:
Dungeon (7/15)             Temple (0/1) D:6

Altars:
Ashenzari
Elyvilon
Hepliaklqana
Makhleb
Ru
Xom
Yredelemnul


Innate Abilities, Weirdness & Mutations

You do not drink.
Your flesh is vulnerable to fire.
You are immune to poison.
Your flesh is cold resistant. (rC+)
You are immune to negative energy. (rN+++)
You are immune to unholy pain and torment.
You can survive without breathing.


Message History

Aiming: Sandblast (safe; 1% risk of failure)
Press: ? - help, Shift-Dir - straight line, f/p - orc warrior
Aim: an orc warrior, wielding a +0 glaive and wearing a +0 chain mail (severely wounded, 22% to evade)
The blast of sand hits the orc warrior.
The orc warrior is almost dead.
The orc warrior hits you from afar with a +0 glaive!
The orc priest begins to cast a cantrip, but forgets the words!
You take 14 damage, and have 25/61 hp.
MASSIVE DAMAGE!!
You now have 10/17 mp.
Casting: Sandblast (safe; 1% risk of failure)
Confirm with . or Enter, or press ? or * to list all spells.
Aiming: Sandblast (safe; 1% risk of failure)
Press: ? - help, Shift-Dir - straight line, f/p - orc warrior
Aim: an orc warrior, wielding a +0 glaive and wearing a +0 chain mail (almost dead, 22% to evade)
The blast of sand hits the orc warrior but does no damage.
The orc warrior is almost dead.
The orc priest calls down the wrath of Beogh upon you.
Beogh smites you!
* * * LOW HITPOINT WARNING * * *
The orc warrior hits you from afar with a +0 glaive!!
You die...

##.#######.#######..
#.......... ..
#...#.#### ##. .#
###o#.# ... .# #o#.#
###.. .########
#o#.# #....
.##.....# #o#.#
#.#.# ..#.###.#
##.#.# #.#.# ....#
#.# #.@..#######
#.#.# >.#[###.#
##..........# #....
.##.<...#
#.....#####.# #.#.#
#####†### #.#####
#.####.#.# #####.#
#.# #......#.#
......# #.#
######.#.# #######
#.# ###....# # #.#
#....... # #.#
#.#...#.


You could see an orc warrior, an orc priest and 2 orcs.

Vanquished Creatures
  An ogre (D:7)
  A phantom (D:6)
  A sky beast (D:5)
  A centaur (D:5)
  A lemure (D:4)
  A bullfrog (D:7)
  A scorpion (D:7)
  2 howler monkeys
  A jelly (D:7)
  An orc priest (D:6)
  4 hounds
  A bullfrog skeleton (D:5)
  A gnoll shaman (D:4)
  3 orc wizards
  2 centaur skeletons (D:5)
  Jessica (D:2)
  2 iguanas
  Natasha (twice) (D:2)
  4 worker ants
  A hound skeleton (D:6)
  3 gnolls
  An adder (D:2)
  3 white imps
  4 ufetubi
  An ooze (D:1)
  An adder skeleton (D:5)
  3 worms
  5 dart slugs
  A leopard gecko (D:7)
  11 orcs
  A ball python (D:4)
  4 giant cockroaches
  3 goblins (D:1)
  6 hobgoblins
  10 jackals
  12 kobolds
  3 quokkas
  4 bats
  3 frilled lizards
  11 rats
122 creatures vanquished.

Notes
Turn   | Place    | Note
-------+----------+-------------------------------------------
     0 | D:1      | jasper the Mummy Earth Elementalist began the quest for the
                  | Orb.
     0 | D:1      | Reached XP level 1. HP: 13/13 MP: 4/4
   753 | D:1      | Reached skill level 1 in Transmutations
   753 | D:1      | Reached XP level 2. HP: 20/20 MP: 2/5
   756 | D:1      | Learned a level 2 spell: Passwall
   816 | D:1      | You fall into a shaft and drop 1 floor!
   867 | D:2      | Noticed Jessica
   870 | D:2      | Killed Jessica
   871 | D:2      | Reached skill level 1 in Fighting
   871 | D:2      | Reached skill level 3 in Spellcasting
   871 | D:2      | Reached XP level 3. HP: 26/26 MP: 3/7
   944 | D:2      | Noticed Natasha
  2047 | D:2      | Reached XP level 4. HP: 32/32 MP: 6/9
  2093 | D:1      | Learned a level 3 spell: Stone Arrow
  2263 | D:2      | Found a burning altar of Makhleb.
  2359 | D:2      | Killed Natasha
  2456 | D:2      | Noticed Natasha
  2459 | D:2      | Killed Natasha
  2477 | D:2      | Became a worshipper of Makhleb the Destroyer
  2694 | D:2      | Found a faded altar of an unknown god.
  2944 | D:3      | Reached XP level 5. HP: 38/38 MP: 10/10
  2955 | D:3      | Learned a level 5 spell: Lee's Rapid Deconstruction
  2998 | D:3      | Found a broken altar of Ashenzari.
  2999 | D:3      | Found a shimmering altar of Xom.
  2999 | D:3      | Found a basalt altar of Yredelemnul.
  3000 | D:3      | Found a sacrificial altar of Ru.
  3143 | D:3      | Reached skill level 4 in Spellcasting
  3379 | D:3      | Found a white marble altar of Elyvilon.
  3576 | D:4      | Noticed a lemure
  3578 | D:4      | Noticed a lemure
  4007 | D:4      | Reached XP level 6. HP: 36/46 MP: 12/12
  4097 | D:4      | Reached * piety under Makhleb
  4373 | D:5      | Entered Level 5 of the Dungeon
  4458 | D:5      | Reached XP level 7. HP: 22/52 MP: 5/14
  4718 | D:5      | Reached skill level 5 in Spellcasting
  5079 | D:5      | Found a hazy altar of Hepliaklqana.
  5626 | D:6      | Reached ** piety under Makhleb
  5937 | D:6      | Found a staircase to the Ecumenical Temple.
  5962 | D:6      | Reached skill level 5 in Earth Magic
  6159 | D:6      | Reached XP level 8. HP: 10/60 MP: 8/16
  6742 | D:7      | Reached skill level 6 in Spellcasting
  7035 | D:7      | Slain by an orc warrior

Illustrated notes

Levels and vault maps discovered:
D:1:      roderic_lyre, layout_basic, serial_glass, glass_columns_a,
          glass_columns_b, hangedman_abyss_or_decor_lesser_grid, st_stairs_5
D:2:      layout_basic, marbit_many_paths, chequers_ecumenical_altar_grove,
          kennysheep_boxes, uniq_natasha, uniq_jessica
D:3:      layout_basic, chequers_temple_overflow_statue_of_worship,
          nicolae_overflow_crystal_walls
D:4:      layout_rooms, dk_noncrumbling_2, uniq_pikel
D:5:      layout_rooms, nzn_hepliaklqana_mist_gate
D:6:      layout_loops_ring, temple_green
D:7:      layout_loops_ring, serial_shops, shop

Skill      XL: |  1  2  3  4  5  6  7  8 |
---------------+-------------------------+-----
Transmutations | 1 |  1.0
Fighting       | 1 2 3 4 |  4.4
Dodging        | 2 3 4 |  4.2
Spellcasting   | 3 4 5 6 |  6.1
Earth Magic    | 3 4 5 |  5.6
Stealth        | |  1.5

Action                   |  1- 3 |  4- 6 |  7- 9 || total
-------------------------+-------+-------+-------++-------
Melee: Unarmed           |    12 |       |       ||    12
       Hand axe          |    51 |    75 |   104 ||   230
 Cast: Sandblast         |    19 |    74 |    51 ||   144
       Stone Arrow       |       |       |     1 ||     1
Evoke: Wand              |       |     2 |    11 ||    13
  Use: Scroll            |       |     6 |     2 ||     8
 Stab: Sleeping          |       |     2 |       ||     2
       Paralysed         |       |     8 |       ||     8
Armor: Robe              |    16 |    30 |    50 ||    96
Dodge: Dodged            |    72 |   102 |   135 ||   309

Table legend: (Time is in decaauts)
 A = Elapsed time spent in this place.
 B = Non-inter-level travel time spent in this place.
 C = Inter-level travel time spent in this place.
 D = Time resting spent in this place.
 E = Time spent auto-exploring this place.
 F = Levels seen in this place.
 G = Mean time per level.
                   A        B        C        D        E       F      G
               +--------+--------+--------+--------+--------+-----+--------+
         Total |   7115 |   6829 |    286 |   1232 |   4503 |   7 | 1016.4 |
       Dungeon |   7115 |   6829 |    286 |   1232 |   4503 |   7 | 1016.4 |
               +--------+--------+--------+--------+--------+-----+--------+

Top non-repeatable levels by time:
     D:1: 1969 daAuts
     D:6: 1311 daAuts
     D:3: 1072 daAuts
     D:2: 927 daAuts
     D:5: 787 daAuts
     D:7: 597 daAuts
     D:4: 451 daAuts
